[Event "*** Titled Tuesday Blitz"]
[Site "Chess.com"]
[Date "2021.02.02"]
[Round "11"]
[White "Ziyamammadov"]
[Black "CraiggoryC"]
[Result "1-0"]
[WhiteElo "1774"]
[BlackElo "2103"]
[TimeControl "180+1"]
[EndTime "12:06:39 PST"]
[Termination "Ziyamammadov won on time"]

1. e4 e6 2. d4 d5 3. exd5 exd5 4. c4 Bb4+ 5. Nc3 Ne7 6. Nf3 Nbc6 7. Be2 dxc4 8.
Bxc4 O-O 9. O-O Bg4 10. Be3 Nf5 11. a3 Bd6 12. h3 Bxf3 13. Qxf3 Ncxd4 14. Bxd4 Nxd4 15. Qxb7 Rb8 16. Qe4 Rxb2 17. Rad1 c5 18. Bd3 g6 19. Na4 Re8 20. Qg4 Ra2 21. Ra1 Rxa1 22. Rxa1 Qf6 23. Rf1 h5 24. Qd1 Qf4 25. g3 Nf3+ 26. Kg2 Nh4+ 27.
Kg1 Nf3+ 28. Kh1 Qf6 29. Kg2 Ne5 30. Bb5 Re7 31. f4 1-0

[Event "*** Titled Tuesday Blitz"]
[Site "Chess.com"]
[Date "2021.02.02"]
[Round "11"]
[White "almo64"]
[Black "MatyChess1"]
[Result "1-0"]
[WhiteElo "2758"]
[BlackElo "2595"]
[TimeControl "180+1"]
[EndTime "12:06:40 PST"]
[Termination "almo64 won by checkmate"]

1. e4 c5 2. Nf3 d6 3. d4 cxd4 4. Qxd4 Nf6 5. Be2 Nc6 6. Qe3 g6 7. O-O Bg7 8. Rd1 O-O 9. Nc3 Ng4 10. Qf4 Qa5 11. h3 Nge5 12. Nd5 Nxf3+ 13. Qxf3 Be6 14.
c3 Rac8 15. Qg3 b5 16. Qh4 Rfe8 17. a4 bxa4 18. b4 Qd8 19. Rxa4 Bxd5 20. exd5 Ne5 21. c4 Bf6 22. Qe4 Qd7 23. b5 Qc7 24. Be3 Ra8 25. Rda1 Nd7 26. Rxa7 Rxa7 27. Rxa7 Qd8 28. Qb1 Nc5 29. b6 Qb8 30. Qb5 Rc8 31. b7 Rd8 32. Qb6 Kg7 33. Bxc5 dxc5 34. Qxd8 Qxd8 35. Ra8 Qd6 36. b8=Q Qd7 37. Qf8# 1-0

[Event "*** Titled Tuesday Blitz"]
[Site "Chess.com"]
[Date "2021.02.02"]
[Round "11"]
[White "cstevens1"]
[Black "PowerThinking2650"]
[Result "1-0"]
[WhiteElo "2666"]
[BlackElo "2380"]
[TimeControl "180+1"]
[EndTime "12:06:40 PST"]
[Termination "cstevens1 won on time"]

1. e4 e5 2. Nf3 Nc6 3. Bb5 a6 4. Ba4 Nf6 5. d3 b5 6. Bb3 Be7 7. O-O O-O 8. Re1 d6 9. c3 Na5 10. Bc2 c5 11. Nbd2 Bb7 12. Nf1 Re8 13. Ng3 Bf8 14.
h3 d5 15. Bg5 h6 16. Bxf6 Qxf6 17. exd5 Bxd5 18. Nh2 Qc6 19. Qg4 g6 20. h4 Bg7 21. h5 Re6 22. hxg6 Rxg6 23. Qh3 Be6 24. Qh5 Rg5 25. Qe2 Re8 26. b4 Nb7 27. Ne4 Rg6 28. Qf3 Bd5 29. c4 bxc4 30. dxc4 Bxc4 31. Nxc5 Qxf3 32. Nxf3 Nxc5 33. Bxg6 fxg6 34. bxc5 e4 35.
Rac1 Bxa2 36. c6 Bd5 37. c7 Rc8 38. Nd2 Bb7 39. Nxe4 1-0

[Event "*** Titled Tuesday Blitz"]
[Site "Chess.com"]
[Date "2021.02.02"]
[Round "11"]
[White "Grieve72"]
[Black "ARTHURMOTIVATOR"]
[Result "0-1"]
[WhiteElo "2466"]
[BlackElo "2316"]
[TimeControl "180+1"]
[EndTime "12:06:40 PST"]
[Termination "ARTHURMOTIVATOR won on time"]

1. e4 e5 2. Nf3 Nc6 3. Bc4 Nf6 4. d3 h6 5. O-O d6 6. c3 g6 7. d4 Qe7 8. Re1 Bg7 9. a4 O-O 10. Nbd2 Nh5 11. Nf1 Bg4 12. d5 Nd8 13. a5 f5 14.
h3 Bxf3 15. Qxf3 Nf7 16. exf5 Ng5 17. Qe2 Rxf5 18. Bd3 Nf4 19. Bxf4 Rxf4 20. Ng3 Raf8 21. Rf1 h5 22. Bxg6 h4 23. Nh5 Nf3+ 24. Kh1 Qg5 25.
Nxf4 Rxf4 26. Be4 Rxe4 27. Qxe4 Nd2 28. Qe3 Qxe3 29. fxe3 Nxf1 30. Rxf1 Bh6 31. e4 Kg7 32. Rf3 Kg6 33. Kg1 Bf4 34. Kf2 Kg5 35. Ke2 a6 36. Kd3 Kf6 37. Kc4 Ke7 0-1

[Event "*** Titled Tuesday Blitz"]
[Site "Chess.com"]
[Date "2021.02.02"]
[Round "11"]
[White "tylityli"]
[Black "rachidhuilda"]
[Result "1-0"]
[WhiteElo "2300"]
[BlackElo "2194"]
[TimeControl "180+1"]
[EndTime "12:06:40 PST"]
[Termination "tylityli won by resignation"]

1. d4 Nf6 2. c4 c5 3. d5 b5 4. Nd2 e6 5. e4 bxc4 6. Bxc4 exd5 7.
exd5 d6 8. Ne2 g6 9. b3 Bg7 10. Bb2 O-O 11. O-O Re8 12. h3 Nbd7 13. Nf3 Nb6 14. Re1 Rb8 15. Bc3 Nxc4 16. bxc4 Ne4 17.
Bxg7 Kxg7 18. Qa4 a5 19. a3 Bd7 20. Qc2 Bf5 21. g4 Ng5 22. Qc3+ Qf6 23. Nxg5 Qxc3 24. Nxc3 Bd3 25. Rac1 Bxc4 26. Rxe8 Rxe8 27. Nge4 Rd8 28. Rb1 f5 29. gxf5 gxf5 30. Nd2 Bd3 31. Rb6 Kf6 32. f4 Kg6 33. Kf2 Kh5 34. Nf3 Be4 35. Nxe4 fxe4 36. Ng5 h6 37. Nxe4 Kh4 38. Rxd6 Rxd6 39. Nxd6 1-0

[Event "*** Titled Tuesday Blitz"]
[Site "Chess.com"]
[Date "2021.02.02"]
[Round "11"]
[White "BahadirOzen"]
[Black "GigaQuparadze"]
[Result "0-1"]
[WhiteElo "2724"]
[BlackElo "2969"]
[TimeControl "180+1"]
[EndTime "12:06:41 PST"]
[Termination "GigaQuparadze won on time"]

1. g3 c5 2. Bg2 Nc6 3. d3 g6 4.
Nf3 Bg7 5. O-O d6 6. c3 e5 7. a3 a5 8. a4 Nge7 9. Na3 d5 10. e4 d4 11. cxd4 cxd4 12. Bd2 O-O 13. Qb1 Be6 14.
Ng5 Bb3 15. Rc1 Nb4 16. Nc4 Nec6 17. h4 Qe7 18. Ra3 Bxc4 19. Rxc4 Bh6 20. f4 Rad8 21.
Qf1 f6 22. Nf3 f5 23. Ng5 fxe4 24. Bxe4 exf4 25. gxf4 Nd5 26. Rb3 Ne3 27. Bxe3 dxe3 28. Rb5 Nd4 29. Rxb7 Qd6 30. Rxd4 Qxd4 31. Qe2 Bxg5 32.
hxg5 Rxf4 33. Kh1 Rh4+ 34. Kg2 Rf8 35. Qd1 Qe5 36. Qb3+ Kh8 37. Qc3 Qxc3 38. bxc3 Rg4+ 39. Kh3 Rxg5 40. Re7 e2 41. Bc6 Rf2 42. d4 Rg1 0-1

[Event "*** Titled Tuesday Blitz"]
[Site "Chess.com"]
[Date "2021.02.02"]
[Round "11"]
[White "kai_nov"]
[Black "Rogarcia1"]
[Result "0-1"]
[WhiteElo "2384"]
[BlackElo "2310"]
[TimeControl "180+1"]
[EndTime "12:06:43 PST"]
[Termination "Rogarcia1 won on time"]

1. d4 d5 2. c4 c6 3. Nf3 Nf6 4. e3 Bf5 5. Nc3 e6 6. Nh4 Be4 7. f3 Bg6 8. Qb3 Qc7 9. g3 Be7 10.
Nxg6 hxg6 11. Bd2 Nbd7 12. cxd5 exd5 13. O-O-O b5 14. Kb1 b4 15. Na4 a5 16. Rc1 Qb7 17. Qc2 Rc8 18. e4 Nf8 19. e5 N6d7 20. f4 c5 21. dxc5 Nxc5 22. Nxc5 Rxc5 23. Qa4+ Nd7 24. Rxc5 Bxc5 25. Bb5 d4 26. Bc6 Qa7 27. Rc1 Rxh2 28. Be1 d3 29. Qb5 d2 30. Bxd2 Rxd2 31. Rxc5 Ke7 32.
Bxd7 Rxd7 0-1

[Event "*** Titled Tuesday Blitz"]
[Site "Chess.com"]
[Date "2021.02.02"]
[Round "11"]
[White "ChessWarrior7197"]
[Black "lachesisQ"]
[Result "1-0"]
[WhiteElo "2950"]
[BlackElo "3054"]
[TimeControl "180+1"]
[EndTime "12:06:45 PST"]
[Termination "ChessWarrior7197 won on time"]

1. e4 c5 2. Nf3 d6 3. d4 cxd4 4. Nxd4 Nf6 5. Nc3 a6 6. Be3 e5 7.
Nb3 Be7 8. f3 Be6 9. Qd2 O-O 10.
O-O-O Nbd7 11. g4 Nb6 12. g5 Nfd7 13. h4 Qc7 14. h5 Rfc8 15. g6 a5 16. a4 Nxa4 17.
Nxa4 Bxb3 18. Nc3 Be6 19. Bh3 Nf6 20. gxf7+ Bxf7 21. Bxc8 Rxc8 22. Rdg1 Bf8 23. Bh6 Nxh5 24. Nd5 Qc4 25. Bxg7 Bxg7 26. Ne7+ Kh8 27. Nxc8 Qxc8 28.
Qxd6 Qf8 29. Qc7 a4 30. Kb1 a3 31. b3 Bg6 32. Rd1 Qxf3 33. Rhf1 Qxf1 34. Rxf1 h6 35.
Qxb7 Nf4 36. c4 h5 37. c5 h4 38. Ka2 Kh7 39. Rg1 h3 40. c6 h2 41. Rh1 Bxe4 42.
Rxh2+ Kg6 43. Qa6 Bd3 44. Rg2+ Kh6 45. Qxd3 Nxd3 46. c7 Nc1+ 47. Kxa3 1-0

[Event "*** Titled Tuesday Blitz"]
[Site "Chess.com"]
[Date "2021.02.02"]
[Round "11"]
[White "karinachess1"]
[Black "Cambek64"]
[Result "1-0"]
[WhiteElo "2476"]
[BlackElo "2306"]
[TimeControl "180+1"]
[EndTime "12:06:45 PST"]
[Termination "karinachess1 won by resignation"]

1. e4 e6 2. d4 d5 3. Nc3 Nc6 4. e5 Nge7 5. Nf3 Nf5 6. Be2 h5 7. Bg5 Be7 8. h4 b6 9. Qd2 Bb7 10. O-O-O Qd7 11. Bxe7 Qxe7 12. Qf4 O-O-O 13. Bd3 g6 14. Bxf5 gxf5 15. Ng5 Kb8 16. Kb1 Na5 17. b3 Rd7 18. Qc1 Qb4 19. Qb2 Rc8 20. Rh3 Qe7 21. Nh7 Rdd8 22. Nf6 Rh8 23. Rg3 a6 24. Na4 Bc6 25.
Nc3 Ka7 26. Rg5 Bb7 27. g3 c5 28. Ne2 b5 29. c3 b4 30. cxb4 cxb4 31. Rxh5 Rhd8 32.
Rc1 Rxc1+ 33. Nxc1 Rc8 34. Ne2 Nc6 35. Rg5 a5 36. Rg8 Rc7 37. h5 Ba6 38. Re8 Bd3+ 39. Ka1 Bxe2 40. Rxe7 Nxe7 41. Qxe2 Rc1+ 42. Kb2 Rh1 43.
Qb5 Rh2 44. Qc5+ 1-0

[Event "*** Titled Tuesday Blitz"]
[Site "Chess.com"]
[Date "2021.02.02"]
[Round "11"]
[White "2nd_life"]
[Black "DFeco"]
[Result "1-0"]
[WhiteElo "2461"]
[BlackElo "2271"]
[TimeControl "180+1"]
[EndTime "12:06:48 PST"]
[Termination "2nd_life won by resignation"]

1. e4 e5 2. f4 c6 3. Nc3 exf4 4. d4 Bb4 5. Bxf4 Bxc3+ 6. bxc3 d5 7. exd5 Qxd5 8. Nf3 Qe4+ 9. Qe2 Qxe2+ 10. Bxe2 Bf5 11.
Kd2 Nd7 12. Rhe1 O-O-O 13. Ng5 Nh6 14. g4 Bg6 15. h3 f6 16. Ne6 Rdg8 17. Rab1 Bf7 18.
Bc4 g5 19. Bh2 Re8 20. Bb3 Nb6 21. Nc5 Bc4 22. a4 Nf7 23. a5 Bxb3 24. axb6 axb6 25.
Nxb3 Rxe1 26. Rxe1 Kd7 27. c4 Re8 28. Rxe8 Kxe8 29. Bc7 b5 30. cxb5 cxb5 31. d5 Kd7 32. Bh2 Nd6 33. Bxd6 Kxd6 34. Kd3 Kxd5 35. Nd4 b4 36.
Nf5 Ke5 37. Ke3 b5 38. Nd4 Kd5 39. Nxb5 Kc4 40. Nd4 Kc3 41. Ke4 h6 42. Nc6 Kxc2 43. Nxb4+ Kd2 44. Nd5 Ke2 45. Nxf6 Kf2 46. Kf5 Kg3 47. Kg6 Kxh3 48. Kxh6 Kh4 49. Kg6 1-0

[Event "*** Titled Tuesday Blitz"]
[Site "Chess.com"]
[Date "2021.02.02"]
[Round "11"]
[White "azikom"]
[Black "ChristopherYoo"]
[Result "0-1"]
[WhiteElo "2664"]
[BlackElo "2849"]
[TimeControl "180+1"]
[EndTime "12:06:49 PST"]
[Termination "ChristopherYoo won on time"]

1. d4 Nf6 2. Nf3 e6 3. c4 d5 4. Nc3 dxc4 5. e3 a6 6. Bxc4 b5 7. Be2 c5 8. O-O Bb7 9. dxc5 Bxc5 10. Qxd8+ Kxd8 11. b3 Nbd7 12. Bb2 Rc8 13. Rac1 Ke7 14.
Nb1 Bd6 15. Nbd2 Nc5 16. h3 Rhd8 17. Rfd1 h6 18. Kf1 Rd7 19. Ne5 Rdc7 20. Ndf3 Nce4 21. Rxc7+ Rxc7 22. Bd3 Nc3 23. Ra1 Nfe4 24. a4 Nc5 25. Bc2 Be4 26. Bxe4 N3xe4 27. axb5 axb5 28. Ra6 Nxb3 29. Nc6+ Kd7 30. Nce5+ Kc8 31. Nd3 Kb7 32. Ra2 Rc2 33.
Nde1 Rxf2+ 34. Kg1 Nc1 35. Ra1 Ne2+ 36. Kh1 Rf1+ 0-1

[Event "*** Titled Tuesday Blitz"]
[Site "Chess.com"]
[Date "2021.02.02"]
[Round "11"]
[White "Aradej"]
[Black "wnstop"]
[Result "0-1"]
[WhiteElo "2545"]
[BlackElo "2732"]
[TimeControl "180+1"]
[EndTime "12:06:50 PST"]
[Termination "wnstop won by resignation"]

1. d4 Nf6 2. Nf3 g6 3. e3 Bg7 4.
Be2 O-O 5. O-O d6 6. c4 Nbd7 7. Nc3 e5 8. Qc2 Re8 9. Rd1 e4 10. Nd2 Qe7 11. b4 Nf8 12. a4 Bf5 13. Ba3 h5 14. b5 Ne6 15. Nb3 Ng5 16. c5 Ng4 17. Nd5 Qd8 18. cxd6 cxd6 19. Qc7 Ne6 20. Qxd8 Raxd8 21. Rdc1 Nf6 22. Nxf6+ Bxf6 23. Na5 Rd7 24. Ra2 Bd8 25.
Bb4 Bxa5 26. Bxa5 Bg4 27. Bf1 b6 28. Bb4 Nc7 29. Rac2 Nd5 30. Ba3 Be6 31. Rc6 Red8 32. h3 Kf8 33. Be2 Ke8 34. Kf1 Ne7 35. R6c3 Nd5 36. Rc8 Ne7 37. Rxd8+ Kxd8 38. Ke1 Bb3 39. a5 bxa5 40. g4 hxg4 41. hxg4 a4 42. Kd2 Nd5 43.
Rh1 Ke7 44. f3 exf3 45. Bxf3 Rc7 46. e4 Rc2+ 47. Ke1 Nf4 48. e5 Nd3+ 49. Kf1 Rf2+ 50. Kg1 Rxf3 51. Rh8 Bc4 52. Ra8 Nf4 53. Rxa7+ Ke6 54. exd6 Rxa3 55. b6 Kxd6 56. b7 Rb3 57. Rxa4 Rxb7 58. Rxc4 Nd5 59. Ra4 Rb4 60. Ra6+ Ke7 61.
Ra7+ Kf6 0-1

[Event "*** Titled Tuesday Blitz"]
[Site "Chess.com"]
[Date "2021.02.02"]
[Round "11"]
[White "CrushingKings"]
[Black "Witik"]
[Result "1-0"]
[WhiteElo "2395"]
[BlackElo "2731"]
[TimeControl "180+1"]
[EndTime "12:06:51 PST"]
[Termination "CrushingKings won on time"]

1. e4 c6 2. Nf3 d6 3. d4 h6 4. h3 g5 5. c4 Bg7 6. Nc3 Nd7 7. Be3 Nf8 8. Qd2 Ng6 9. g3 Nf6 10.
O-O-O Qa5 11. Kb1 g4 12. Ng1 Bd7 13. Nge2 O-O-O 14. Nc1 Kb8 15. Nb3 Qc7 16. h4 h5 17.
c5 dxc5 18. Nxc5 Bc8 19. Bc4 e5 20. d5 Ne8 21. Qc2 Nd6 22. Qb3 Ka8 23. dxc6 bxc6 24. Nd5 cxd5 25. Bxd5+ Nb7 26. Qa4 Rxd5 27. Rxd5 Qa5 28.
Qc2 Nxc5 29. Rxc5 Qa6 30. Rc6 Qb7 31. Rc7 Qa6 32. Rxa7+ Qxa7 33. Bxa7 Kxa7 34. Qc7+ Bb7 35. Qxf7 Rf8 36. Qxg7 Rxf2 37. Rc1 Nf8 38. Rc7 1-0

[Event "*** Titled Tuesday Blitz"]
[Site "Chess.com"]
[Date "2021.02.02"]
[Round "11"]
[White "Piacramling"]
[Black "dosto07"]
[Result "1-0"]
[WhiteElo "2330"]
[BlackElo "2414"]
[TimeControl "180+1"]
[EndTime "12:06:51 PST"]
[Termination "Piacramling won on time"]

1. Nf3 d5 2. d4 Nf6 3. c4 dxc4 4. e3 e6 5. Bxc4 c5 6. Qe2 a6 7. dxc5 Bxc5 8. O-O Nc6 9. a3 O-O 10. b4 Bd6 11.
Bb2 e5 12. e4 Nh5 13. Nbd2 Nf4 14. Qe3 Qf6 15. Rfd1 Bg4 16. Bf1 Nd4 17. Nxd4 exd4 18.
Bxd4 Qh6 19. e5 Rfe8 20. Re1 Bc7 21. Qg3 Bf5 22. Nc4 Ng6 23. Rad1 Qf4 24. Qxf4 Nxf4 25. Nd6 Bxd6 26. exd6 Rxe1 27. Rxe1 Be6 28. Bb6 Nd5 29. Bc7 Kf8 30. Rc1 Ke8 31. Bc4 Nxc7 32. dxc7 Rc8 33. Bxe6 fxe6 34. f4 Kd7 35. Kf2 1-0

[Event "*** Titled Tuesday Blitz"]
[Site "Chess.com"]
[Date "2021.02.02"]
[Round "11"]
[White "Konavets"]
[Black "Fandorine"]
[Result "0-1"]
[WhiteElo "2927"]
[BlackElo "2859"]
[TimeControl "180+1"]
[EndTime "12:06:52 PST"]
[Termination "Fandorine won on time"]

1. e4 e5 2. Nf3 Nc6 3. Bc4 Nf6 4.
d3 Bc5 5. Bg5 h6 6. Bh4 d6 7. c3 a6 8. a4 Ba7 9. O-O Qe7 10.
Nbd2 g5 11. Bg3 Nd7 12. Bd5 Nf8 13. Nc4 Ng6 14. b4 h5 15. b5 Nd8 16. b6 Bxb6 17.
Nxb6 cxb6 18. h3 g4 19. Nd2 gxh3 20. f4 Bg4 21. Qe1 hxg2 22. Rf2 Nxf4 23. Bxf4 exf4 24. Rxf4 Ne6 25. Bxe6 Bxe6 26. Nf3 h4 27. c4 h3 28. Kh2 O-O-O 29. Qe3 Qc7 30. Nd2 Rhg8 31. Rg1 Kb8 32. Nb3 d5 33. cxd5 Bxd5 34. Nd4 Rg4 35.
Ne2 Be6 36. d4 Rxf4 37. Nxf4 Rxd4 38. Qg3 Rxe4 0-1

[Event "*** Titled Tuesday Blitz"]
[Site "Chess.com"]
[Date "2021.02.02"]
[Round "11"]
[White "Chessbard1972"]
[Black "szefru"]
[Result "0-1"]
[WhiteElo "2403"]
[BlackElo "2262"]
[TimeControl "180+1"]
[EndTime "12:06:52 PST"]
[Termination "szefru won by resignation"]

1. d4 Nf6 2. Nf3 g6 3. c4 Bg7 4. g3 O-O 5. Bg2 c6 6. O-O d5 7. b3 Ne4 8. Bb2 dxc4 9. bxc4 c5 10. e3 Nc6 11. Nbd2 Nxd2 12. Qxd2 cxd4 13. exd4 Bg4 14.
d5 Bxf3 15. Bxg7 Kxg7 16. Qb2+ f6 17. Bxf3 Ne5 18. Be2 b6 19. f4 Nf7 20. Rfd1 Qc7 21.
Qd4 Nd6 22. Rac1 Rac8 23. Bf1 Nf5 24. Qf2 g5 25. c5 bxc5 26. Ba6 Rcd8 27. Qxc5 Qxc5+ 28. Rxc5 Rd6 29. Bc8 Ne3 30. Rd3 gxf4 31. gxf4 Nxd5 32.
Rdxd5 Rxd5 33. Rxd5 Rxc8 34. Rd7 Rc1+ 35. Kg2 Rc2+ 36. Kg3 Rxa2 37. Rxe7+ Kg6 38. f5+ Kxf5 39.
Rxh7 a5 40. h4 Ra3+ 41. Kg2 Kg4 42. Rg7+ Kxh4 43. Rg6 f5 44. Kf2 a4 45. Rg8 Rb3 46. Ke2 a3 47. Ra8 Kg4 48. Kd2 f4 49. Kc2 Re3 50. Kd2 Kg3 51. Rg8+ Kf2 52. Ra8 f3 53. Ra4 a2 54. Ra5 Re1 0-1

[Event "*** Titled Tuesday Blitz"]
[Site "Chess.com"]
[Date "2021.02.02"]
[Round "11"]
[White "Fischerev7"]
[Black "GelmanAlexander"]
[Result "0-1"]
[WhiteElo "2406"]
[BlackElo "2591"]
[TimeControl "180+1"]
[EndTime "12:06:54 PST"]
[Termination "GelmanAlexander won on time"]

1. e4 c5 2. Nf3 e6 3. d4 cxd4 4.
Nxd4 a6 5. Nc3 d6 6. Be3 Nf6 7.
f3 b5 8. a3 Bb7 9. Qd2 h5 10.
O-O-O Nbd7 11. Kb1 Rc8 12. Nb3 Be7 13. Be2 Ne5 14.
h3 h4 15. Bg5 Qb6 16. Bxf6 gxf6 17. Rhe1 b4 18. axb4 Qxb4 19. Na2 Qb6 20. Qa5 Qf2 21.
Qd2 Kf8 22. Bf1 Qa7 23. f4 Nc4 24. Bxc4 Rxc4 25. e5 fxe5 26. fxe5 d5 27. Rf1 Rh7 28. Rf2 Qb6 29. Rdf1 Ke8 30. Nc3 a5 31. Qd3 Rg7 32.
Nd2 Rc8 33. Nf3 Ba6 34. Qd2 Bxf1 35. Rxf1 Bb4 0-1

[Event "*** Titled Tuesday Blitz"]
[Site "Chess.com"]
[Date "2021.02.02"]
[Round "11"]
[White "IceBelka"]
[Black "AliKa2810"]
[Result "0-1"]
[WhiteElo "2386"]
[BlackElo "2565"]
[TimeControl "180+1"]
[EndTime "12:06:54 PST"]
[Termination "AliKa2810 won on time"]

1. e4 c6 2. d4 d5 3. exd5 cxd5 4. c3 Nc6 5. Bf4 Bf5 6. Bd3 Bxd3 7. Qxd3 Nf6 8. Nf3 e6 9. Nbd2 Bd6 10. Bxd6 Qxd6 11. O-O O-O 12. Rfe1 b5 13. b4 a6 14. Nb3 Ne4 15. Nc5 f5 16. a4 Rab8 17. axb5 axb5 18. Ra6 Nxb4 19. cxb4 Nxc5 20. Rxd6 Nxd3 21. Rexe6 Nxb4 22. Ne5 Rb7 23. Rb6 Rc7 24. h4 Nc2 25. Nc6 b4 26.
Ne7+ Kf7 27. Nxd5 Rd7 28. Ne3 Nxd4 29. Re5 g6 30. Rd5 Rxd5 31. Nxd5 b3 32. Rb4 Rc8 33.
Kh2 Rc1 34. Rb7+ Ke6 35. Nf4+ Kd6 36. Nd3 Rd1 37. Nb2 Rb1 38. Nc4+ Kc5 39. Nd2 Rb2 40. Nxb3+ Nxb3 41. Rxh7 Rxf2 42. Rg7 Rf4 43. g3 Rg4 44. h5 gxh5 45. Rh7 Rg5 0-1

[Event "*** Titled Tuesday Blitz"]
[Site "Chess.com"]
[Date "2021.02.02"]
[Round "11"]
[White "zacachess"]
[Black "Vandros57"]
[Result "1-0"]
[WhiteElo "2429"]
[BlackElo "2256"]
[TimeControl "180+1"]
[EndTime "12:06:55 PST"]
[Termination "zacachess won on time"]

1. e4 c5 2. Nf3 Nc6 3. d4 cxd4 4. Nxd4 e5 5. Nb5 d6 6. c4 a6 7. N5c3 Nf6 8. g3 Be7 9. Bg2 O-O 10. O-O Be6 11.
Na3 Rc8 12. Be3 h6 13. h3 Nd7 14. f4 f6 15. Nd5 f5 16. exf5 Bxf5 17. g4 Be6 18. f5 Bf7 19. Qd2 Bg5 20. Nc2 Nd4 21. Nxd4 exd4 22. Bxg5 hxg5 23. Qxd4 Ne5 24. b3 Bxd5 25.
Bxd5+ Kh8 26. Bxb7 Rc5 27. Bg2 Qb6 28. Rad1 Rd8 29.
Kh1 Qb8 30. Qe3 Nf7 31. Bd5 Rc7 32. Rde1 Rf8 33. f6 Qd8 34. fxg7+ Kxg7 35. Qd4+ Kh6 36. Rf6+ 1-0

[Event "*** Titled Tuesday Blitz"]
[Site "Chess.com"]
[Date "2021.02.02"]
[Round "11"]
[White "BvsN"]
[Black "Matols"]
[Result "0-1"]
[WhiteElo "2366"]
[BlackElo "2286"]
[TimeControl "180+1"]
[EndTime "12:06:55 PST"]
[Termination "Matols won by checkmate"]

1. c4 e5 2. Nc3 Nf6 3. Nf3 d5 4.
cxd5 e4 5. Ng5 Nxd5 6. Ngxe4 Be7 7. e3 O-O 8. Be2 Nc6 9. O-O Bf5 10. Nxd5 Qxd5 11.
Nc3 Qe6 12. d4 Qg6 13. Bf3 Rad8 14. Qb3 Na5 15. Qa4 b6 16. e4 Bg4 17. Bxg4 Qxg4 18. Be3 Rfe8 19. Rad1 Bh4 20. f3 Qg6 21. Bf2 Bf6 22.
Nd5 Bg5 23. Nxc7 Re7 24. Nd5 Red7 25. Qb5 h5 26. Qe2 h4 27. Be3 h3 28. g3 Rxd5 29.
exd5 Re8 30. Rd3 Nc4 31. f4 Bf6 32. f5 Qh7 33. Kh1 Bxd4 34. Rxd4 Nxe3 35. Rf3 Qh6 36.
Rd3 Rc8 37. Rd1 Nxd1 38. Qxd1 Rc1 39. Rd3 Rxd1+ 40. Rxd1 Qe3 41. Rf1 Qe4+ 42. Kg1 Qg2# 0-1

[Event "*** Titled Tuesday Blitz"]
[Site "Chess.com"]
[Date "2021.02.02"]
[Round "11"]
[White "DenisQ"]
[Black "Zhigalko_Sergei"]
[Result "0-1"]
[WhiteElo "2655"]
[BlackElo "2886"]
[TimeControl "180+1"]
[EndTime "12:06:56 PST"]
[Termination "Zhigalko_Sergei won by resignation"]

1. Nf3 d5 2. c4 d4 3. e4 Nc6 4. d3 e5 5. Be2 a5 6. O-O Nge7 7. Na3 Ng6 8. Ne1 Bxa3 9. bxa3 O-O 10.
Bg4 b6 11. Bxc8 Qxc8 12. Rb1 f5 13. exf5 Qxf5 14. Qf3 Qd7 15. Qe4 Rae8 16. Nf3 Nb8 17. Rb5 Qd6 18. Rd5 Qe6 19. c5 Nd7 20. Ng5 Qc6 21.
Rxd4 Qxe4 22. Rxe4 Nxc5 23. Rc4 Nf4 24. Bxf4 Rxf4 25.
Rfc1 Nxd3 26. Rxf4 exf4 27. Rd1 Re1+ 28. Rxe1 Nxe1 29.
Ne6 c5 30. Nxf4 Nc2 31. Nd5 b5 32. Nc3 Nxa3 33. Kf1 b4 34. Ne4 c4 35. Ke2 b3 36. axb3 cxb3 0-1

[Event "*** Titled Tuesday Blitz"]
[Site "Chess.com"]
[Date "2021.02.02"]
[Round "11"]
[White "IMRosen"]
[Black "ljuks68"]
[Result "1-0"]
[WhiteElo "2556"]
[BlackElo "2385"]
[TimeControl "180+1"]
[EndTime "12:06:56 PST"]
[Termination "IMRosen won on time"]

1. d4 d5 2. Bf4 Nf6 3. e3 c6 4.
Nd2 Bf5 5. c4 e6 6. Qb3 Qc8 7. Rc1 Nbd7 8. Ngf3 Be7 9. h3 O-O 10.
Be2 Ne4 11. O-O Bd6 12. Bxd6 Nxd6 13. Qa3 Qc7 14. cxd5 exd5 15. b4 b5 16. Qc3 Nc4 17.
Nb3 Rae8 18. Rfd1 h6 19. Ra1 Nf6 20. Nc5 Ne4 21. Nxe4 Bxe4 22. Nd2 Bg6 23. a4 a6 24. Nb3 f5 25. g3 f4 26. gxf4 Bf5 27. Bf1 Qc8 28. Kh2 Rf6 29. Bg2 Rfe6 30. axb5 Nxe3 31.
fxe3 Rxe3 32. Qxc6 Qd8 33. Re1 Qh4 34. Qxe8+ Rxe8 35. Rxe8+ Kh7 36. Rf1 Qf6 37. Re5 1-0

[Event "*** Titled Tuesday Blitz"]
[Site "Chess.com"]
[Date "2021.02.02"]
[Round "11"]
[White "GumisGLHF"]
[Black "WPWPWP-2015"]
[Result "0-1"]
[WhiteElo "2364"]
[BlackElo "2494"]
[TimeControl "180+1"]
[EndTime "12:06:58 PST"]
[Termination "WPWPWP-2015 won by resignation"]

1. c4 e5 2. Nc3 Nf6 3. Nf3 Nc6 4.
d4 exd4 5. Nxd4 Bb4 6. Bg5 Bxc3+ 7. bxc3 d6 8. e3 O-O 9. Be2 Ne5 10. Qc2 h6 11.
Bh4 Ng6 12. Bg3 Re8 13. c5 dxc5 14. Nb5 Ne5 15. Rd1 Qe7 16. a4 a6 17. Na3 Bd7 18. O-O Bc6 19. Nc4 Nxc4 20. Bxc4 Ne4 21. Bd5 Bxd5 22.
Rxd5 Rad8 23. Rfd1 Rxd5 24. Rxd5 Nf6 25. Rd2 Rd8 26.
Rxd8+ Qxd8 27. f3 b5 28. axb5 axb5 29. e4 c4 30. Be5 c6 31. Kf1 Nh7 32. Bd4 Nf8 33.
Ke2 Qd6 34. g3 Ne6 35. Be3 Qa3 36. Qd2 Qa1 37. f4 Qh1 38. f5 Qg2+ 39. Ke1 Qh1+ 40.
Ke2 Qxh2+ 41. Bf2 Ng5 0-1

[Event "*** Titled Tuesday Blitz"]
[Site "Chess.com"]
[Date "2021.02.02"]
[Round "11"]
[White "hansen"]
[Black "Frolyanov_D"]
[Result "1-0"]
[WhiteElo "2920"]
[BlackElo "2657"]
[TimeControl "180+1"]
[EndTime "12:06:59 PST"]
[Termination "hansen won on time"]

1. e4 c5 2. Nf3 e6 3. d4 cxd4 4. Nxd4 a6 5. Nc3 Qc7 6. Bd3 Nf6 7. O-O b5 8. Qf3 Bb7 9. Re1 d6 10. Qh3 Be7 11. Bg5 Nbd7 12. Rad1 Ne5 13. a3 h6 14. Bc1 Nfg4 15. Be2 h5 16. Bxg4 Nxg4 17. Qg3 g6 18. Ndxb5 axb5 19. Nxb5 Qxc2 20. Nxd6+ Bxd6 21. Rxd6 O-O 22. Bg5 Qxb2 23. Rd3 Bxe4 24. Rb3 Qc2 25. h3 Nxf2 26. Rc3 Qb2 27. Bf6 Bd5 28. Rf3 Ne4 29. Rxe4 Qc1+ 30. Re1 Qc5+ 31. Rf2 Rxa3 32.
Qf4 Ra2 33. Bd4 Rxf2 34. Qxf2 Qc4 35. Qf6 e5 36. Bxe5 Qc5+ 37. Kh2 1-0

[Event "*** Titled Tuesday Blitz"]
[Site "Chess.com"]
[Date "2021.02.02"]
[Round "11"]
[White "LileKoridze"]
[Black "strelec64"]
[Result "0-1"]
[WhiteElo "2374"]
[BlackElo "2497"]
[TimeControl "180+1"]
[EndTime "12:06:59 PST"]
[Termination "strelec64 won by resignation"]

1. d4 Nf6 2. c4 g6 3. Nc3 Bg7 4. e4 d6 5. Nf3 O-O 6. Be2 c5 7.
O-O cxd4 8. Nxd4 Nc6 9. Be3 Bd7 10. Qd2 Nxd4 11. Bxd4 Bc6 12. f3 a5 13. b3 Nd7 14.
Rad1 Bxd4+ 15. Qxd4 Qb6 16. Nd5 Qxd4+ 17. Rxd4 Bxd5 18. exd5 Nc5 19. Bd1 f5 20. Re1 Kf7 21. Rd2 Ra6 22. Rde2 Re8 23. Bc2 Rb6 24. Re3 a4 25. bxa4 Rb2 26. Bb3 Rd2 27. R1e2 Rxe2 28.
Rxe2 Ra8 29. Rb2 Nxa4 30. Bxa4 Rxa4 31. Rxb7 Rxc4 32. Rb5 Ra4 33. Rb2 Kf6 34. Rd2 f4 35. Kf2 Ra7 36. g3 g5 37. h4 fxg3+ 38. Kxg3 gxh4+ 39. Kxh4 Kf5 40. Re2 Kf4 41. Re4+ Kxf3 42. Re6 Kf4 43.
Kh5 Rxa2 44. Kh6 Rh2+ 45. Kg7 h5 46. Rxe7 Rd2 47. Rf7+ Ke5 48. Kg6 Rxd5 49. Re7+ Kf4 50. Rf7+ Ke4 51. Re7+ Re5 0-1